 Dungeon Crawl Stone Soup version 0.29-a0-486-ga88943ba61 (webtiles) character file.

Game seed: 11654758166689160050

1974 clickfinger the Ruffian (level 9, -5/124 HPs)
             Began as a Troll Berserker on May 25, 2022.
             Was an Elder of Trog.
             Slain by a two-headed ogre
             ... wielding a +0 giant club
              (10 damage)
             ... on level 7 of the Dungeon on May 26, 2022.
             The game lasted 01:05:40 (5424 turns).

clickfinger the Ruffian (Troll Berserker)           Turns: 5424, Time: 01:05:41

Health: -5/124     AC:  4    Str: 31    XL:     9   Next: 0%
Magic:  8/8        EV: 14    Int:  3    God:    Trog [****..]
Gold:   305        SH:  0    Dex:  9    Spells: 8/8 levels left

rFire   . . .      SeeInvis .     - Unarmed
rCold   . . .      Faith    .   (no shield)
rNeg    . . .      Spirit   .   a - +0 animal skin
rPois   .          Reflect  .   (helmet restricted)
rElec   .          Harm     .   (no cloak)
rCorr   .          Rampage  .   (gloves unavailable)
Will    +....                   (boots unavailable)
Stlth   ..........              (no amulet)
HPRegen 1.10/turn               B - +4 ring of evasion
MPRegen 0.11/turn               r - ring of willpower

@: berserking, very quick
A: large, unfitting armour, claws 3, regeneration 1, shaggy fur 1, tough skin 1
a: Renounce Religion, Berserk, Trog's Hand, Brothers in Arms


You were on level 7 of the Dungeon.
You worshipped Trog.
Trog was greatly pleased with you.
You visited 1 branch of the dungeon, and saw 7 of its levels.
You also visited: Sewer.

You collected 305 gold pieces.

Inventory:

Missiles
 e - 129 stones (quivered)
 v - 9 large rocks
 x - 2 poisoned darts
 z - 2 silver javelins
Armour
 a - a +0 animal skin (worn)
 p - a +0 scale mail
Jewellery
 r - a ring of willpower (right claw)
 B - a +4 ring of evasion (left claw)
Scrolls
 f - 10 scrolls of identify {unknown}
 g - a scroll of immolation {unknown}
 h - 2 scrolls of enchant armour {unknown}
 i - 2 scrolls of blinking {unknown}
 j - a scroll of enchant weapon {unknown}
 n - a scroll of silence {unknown}
 q - a scroll of brand weapon {unknown}
 s - 2 scrolls of teleportation {unknown}
 w - a scroll of fear {unknown}
 y - 2 scrolls of poison {unknown}
 A - a scroll of acquirement {unknown}
Potions
 b - a potion of cancellation {unknown}
 c - a potion of lignification {unknown}
 d - 3 potions of curing {unknown}
 k - 2 potions of brilliance {unknown}
 l - a potion of berserk rage {unknown}
 m - a potion of mutation {unknown}
 o - 2 potions of attraction {unknown}
 t - a potion of degeneration {unknown}
 u - a potion of heal wounds
 C - a potion of haste


   Skills:
 + Level 3.3 Fighting
 * Level 6.3 Throwing
 * Level 4.9 Dodging
 + Level 1.3 Stealth
 * Level 7.4 Unarmed Combat


You had 8 spell levels left.
You didn't know any spells.
Your spell library was empty.

Dungeon Overview and Level Annotations

Branches:
Dungeon (6/15)              Sewer (visited)
 Temple: D:4-7

Altars:

Shops:
D:5 *


Innate Abilities, Weirdness & Mutations

You are too large for most types of armour.
You have claws for hands.
Your natural rate of healing is unusually fast.
You are covered in fur. (AC +1)
You have tough skin. (AC +1)


Message History

The puff of frost hits you!
Found a glowing brown potion.
The white imp gestures at you. The puff of frost misses you.
You scratch the white imp.
The white imp is lightly wounded.
The orc misses you. The white imp gestures at you. The puff of frost hits you.
You claw the white imp!
You kill the white imp!
Trog accepts your kill. The orc barely misses you.
The two-headed ogre misses you. x2
You barely miss the two-headed ogre.
The two-headed ogre is lightly wounded.
The orc hits you with a +0 mace. The orc barely misses you.
You scratch the two-headed ogre but do no damage.
The two-headed ogre is lightly wounded.
The two-headed ogre hits you with a +0 giant club!!
The two-headed ogre hits you with a +0 giant spiked club!
The orc misses you. The orc hits you but does no damage.
The orc attacks as you move away! The orc barely misses you.
A red film seems to cover your vision as you go berserk!
You feel yourself moving faster!
You feel mighty! The orc closely misses you.
The two-headed ogre hits you with a +0 giant club!!
* * * LOW HITPOINT WARNING * * *
The two-headed ogre hits you with a +0 giant spiked club!!
* * * LOW HITPOINT WARNING * * *
The orc hits you with a +0 flail.
* * * LOW HITPOINT WARNING * * *
You scratch the two-headed ogre.
The two-headed ogre is lightly wounded.
You claw the two-headed ogre!
The two-headed ogre is heavily wounded.
The orc barely misses you. The orc hits you with a +0 mace.
* * * LOW HITPOINT WARNING * * *
You claw the two-headed ogre! You claw the two-headed ogre.
The two-headed ogre is almost dead.
The two-headed ogre hits you with a +0 giant club!
You die...

.......!#8.8#
#.......#...#
.##.(.....#8.8#
....(((...#...#
.........#8.♣#
#..(....#...#
#....(..#♣.8#
#....)oo#..[#
#.....O@#8.♣#
#......)#...#
#######.#8.8#
#.#...# #.#8.♣#
#.#...# #.#8.8#
#.#...# #.#8.8#


You could see a two-headed ogre and 2 orcs.

Vanquished Creatures
  6 yaks
  2 ogres (D:5)
  2 phantoms
  A necrophage (D:5)
  5 scorpions
  3 hounds
  4 orc wizards
  An iguana (D:5)
  7 adders
  A river rat (D:4)
  2 shadow imps
  A white imp (D:7)
  2 worms
  6 dart slugs
  15 orcs
  5 ball pythons
  3 endoplasms
  9 giant cockroaches
  8 goblins
  5 hobgoblins
  9 kobolds
  3 quokkas
  7 bats
  8 frilled lizards
  4 rats
119 creatures vanquished.

Notes
Turn   | Place    | Note
-------+----------+-------------------------------------------
     0 | D:1      | clickfinger the Troll Berserker began the quest for the
                  | Orb.
     0 | D:1      | Reached XP level 1. HP: 22/22 MP: 0/0
   270 | D:1      | Reached XP level 2. HP: 29/29 MP: 1/1
   876 | D:1      | Found a faded altar of an unknown god.
  1111 | D:2      | Reached ** piety under Trog
  1130 | D:2      | Reached XP level 3. HP: 36/36 MP: 2/2
  1932 | D:2      | Reached XP level 4. HP: 45/45 MP: 3/3
  2066 | D:2      | Reached skill level 4 in Unarmed Combat
  3355 | D:4      | Noticed a scorpion
  3363 | D:4      | Killed a scorpion
  3364 | D:4      | Reached skill level 1 in Throwing
  3364 | D:4      | Reached XP level 5. HP: 52/53 MP: 4/4
  3481 | D:4      | Found a glowing drain.
  3483 | D:4      | Reached *** piety under Trog
  3498 | Sewer    | Entered a sewer
  3683 | D:4      | Reached skill level 1 in Stealth
  3867 | D:4      | Reached XP level 6. HP: 27/61 MP: 5/5
  4124 | D:4      | Noticed a yak
  4125 | D:4      | Noticed a yak
  4126 | D:4      | Noticed a yak
  4128 | D:4      | Noticed a yak
  4129 | D:4      | Noticed a yak
  4131 | D:4      | Noticed a yak
  4134 | D:4      | Killed a yak
  4135 | D:4      | Reached skill level 5 in Unarmed Combat
  4135 | D:4      | Reached XP level 7. HP: 61/67 MP: 6/6
  4137 | D:4      | Killed a yak
  4143 | D:4      | Killed a yak
  4152 | D:4      | Killed a yak
  4153 | D:4      | Reached skill level 6 in Unarmed Combat
  4154 | D:4      | Killed a yak
  4155 | D:4      | Reached XP level 8. HP: 30/75 MP: 7/7
  4282 | D:4      | Upgraded the game from 0.29-a0-477-g62b78b4225 to
                  | 0.29-a0-486-ga88943ba61
  4424 | D:5      | Entered Level 5 of the Dungeon
  4493 | D:5      | Reached skill level 5 in Throwing
  4551 | D:5      | Reached skill level 7 in Unarmed Combat
  4902 | D:5      | Found Zeynauj's General Store.
  5261 | D:6      | Reached **** piety under Trog
  5342 | D:6      | You fall into a shaft and drop 1 floor!
  5409 | D:7      | Noticed a two-headed ogre
  5413 | D:7      | Reached XP level 9. HP: 83/83 MP: 8/8
  5421 | D:7      | HP: 6/124 [orc/+0 flail (3)]
  5424 | D:7      | Slain by a two-headed ogre

Illustrated notes

Levels and vault maps discovered:
D:1:      minmay_arrival_four_houses, layout_basic,
          shapermc_ecumenical_altar_starsandcircs, dreamdust_wishing_well
D:2:      layout_basic, grunt_ministairs_9, minmay_door_square,
          minmay_misc_feat_square
D:3:      layout_basic, serial_glass, glass_columns_c, glass_columns_c,
          wad_orctagon
D:4:      layout_loops_ring, gup_sewer_entry_bubbles
D:5:      layout_gridville, serial_shops, shop
D:6:      layout_rooms, temple_doors_e
D:7:      layout_rooms, chequers_avenue

Skill      XL: |  1  2  3  4  5  6  7  8 |
---------------+-------------------------+-----
Fighting       | 3 |  3.3
Unarmed Combat | 4 5 6 7 |  7.4
Dodging        | 3 4 |  4.9
Throwing       | 1 2 3 4 6 |  6.3
Stealth        | 1 |  1.3

Action                   |  1- 3 |  4- 6 |  7- 9 || total
-------------------------+-------+-------+-------++-------
Melee: Unarmed           |    83 |    74 |   114 ||   271
       Punch             |       |       |     4 ||     4
Throw: Stone             |    50 |   122 |    69 ||   241
       Large rock        |       |    12 |     9 ||    21
       Javelin           |       |       |     9 ||     9
Invok: Berserk           |       |     2 |     2 ||     4
  Use: Potion            |       |     2 |       ||     2
 Stab: Sleeping          |       |     1 |       ||     1
Armor: Animal skin       |    43 |    43 |    21 ||   107
Dodge: Dodged            |    56 |   132 |    94 ||   282

Table legend: (Time is in decaauts)
 A = Elapsed time spent in this place.
 B = Non-inter-level travel time spent in this place.
 C = Inter-level travel time spent in this place.
 D = Time resting spent in this place.
 E = Time spent auto-exploring this place.
 F = Levels seen in this place.
 G = Mean time per level.
                   A        B        C        D        E       F      G
               +--------+--------+--------+--------+--------+-----+--------+
         Total |   5490 |   5338 |    152 |      0 |     14 |   8 |  686.2 |
       Dungeon |   5371 |   5219 |    152 |      0 |     14 |   7 |  767.3 |
         Sewer |    118 |    118 |      0 |      0 |      0 |   1 |  118.0 |
               +--------+--------+--------+--------+--------+-----+--------+

Top non-repeatable levels by time:
     D:2: 1254 daAuts
     D:1: 1100 daAuts
     D:4: 1029 daAuts
     D:3: 1003 daAuts
     D:5: 796 daAuts
   Sewer: 118 daAuts
     D:6: 109 daAuts
     D:7: 77 daAuts
